Map: Cyber Forest LE

Players

metamagic

  • Race: Zerg Zerg
  • League: Master
  • Spawn Location: 11:00

Apoptosis - Winner!

  • Race: Zerg Zerg
  • League: Diamond
  • Spawn Location: 5:00

VOD

Have the link to the VOD?

Description

Time

  • Played on: May 10, 2019, 4:02 a.m.
  • Length: 14:46
Show
View Real Time Build Order
Export as new Build Order

metamagic Zerg 

Build Orders: Hatch First, Muta Ling Bane 

Get SALT Encoding   

  12  0:00  Drone  
  13  0:13  Overlord  
  13  0:19  Drone  
  14  0:32  Drone  
  14  0:33  Drone  
  16  0:35  Drone  
  17  0:53  Hatchery  
  17  0:56  Drone  
  17  0:59  Drone  
  18  1:10  Extractor  
  17  1:15  Spawning Pool  
  17  1:17  Drone  
  17  1:21  Drone  
  18  1:29  Drone  
  19  1:40  Overlord  
  19  1:50  Drone  
  20  2:02  Queen  
  20  2:03  Zergling x2  
  20  2:04  Queen  
  20  2:05  Zergling x2  
  26  2:10  Metabolic Boost  
  26  2:12  Drone  
  27  2:17  Zergling x2  
  28  2:23  Zergling x2  
  28  2:27  Drone  
  30  2:31  Baneling Nest  
  29  2:45  Hatchery  
  29  2:48  Zergling x2  
  29  2:50  Drone  
  30  3:03  Drone x3  
  30  3:05  Overlord  
  33  3:15  Baneling x2  
  33  3:17  Evolution Chamber  
  33  3:19  Drone x2  
  34  3:23  Drone  
  35  3:28  Drone x2  
  35  3:33  Drone x2  
  39  3:44  Zergling x8  
  43  3:57  Zergling x10  
  43  3:58  Zergling x2, Baneling  
  43  3:59  Baneling  
  47  4:12  Drone x2  
  47  4:13  Drone  
  47  4:14  Overlord x2  
  50  4:23  Overlord  
  50  4:25  Zerg Melee Weapons Level 1  
  50  4:27  Lair  
  44  4:41  Zergling x4  
  44  4:42  Zergling x2  
  44  4:43  Zergling x6  
  50  4:46  Drone x3  
  50  4:47  Drone  
  50  4:48  Drone  
  50  4:49  Drone  
  56  4:54  Baneling  
  56  4:56  Drone x4  
  56  4:58  Drone x2  
  56  4:59  Drone  
  63  5:05  Drone x2  
  65  5:08  Queen  
  65  5:11  Spore Crawler  
  66  5:16  Extractor  
  66  5:17  Drone, Extractor  
  66  5:18  Drone, Extractor  
  66  5:19  Overlord  
  65  5:36  Drone x4  
  69  5:43  Overseer  
  69  5:50  Drone x2  
  69  5:51  Drone, Spire  
  69  5:52  Drone x3  
  69  5:53  Drone x4  
  78  6:02  Zergling x2  
  78  6:03  Zergling x2, Overlord x3  
  81  6:04  Drone  
  81  6:18  Overlord x2  
  81  6:20  Zerg Ground Armor Level 1  
  81  6:23  Drone x7  
  88  6:27  Extractor x2  
  79  6:49  Hatchery  
  79  6:53  Spore Crawler  
  77  6:54  Spore Crawler  
  77  6:55  Spore Crawler  
  77  6:57  Spore Crawler x2  
  77  6:59  Spore Crawler  
  72  7:07  Zerg Flyer Weapons Level 1  
  72  7:14  Drone x4, Mutalisk x2  
  72  7:15  Mutalisk x5  
  84  7:16  Mutalisk  
  84  7:17  Mutalisk  
  94  7:25  Mutalisk  
  96  7:30  Mutalisk  
  96  7:36  Mutalisk  
  98  7:46  Mutalisk  
  99  7:55  Zergling x22  
  110  7:59  Hatchery  
  110  8:03  Zergling x2  
  110  8:04  Zergling x2  
  111  8:07  Mutalisk  
  111  8:09  Hatchery  
  111  8:12  Mutalisk  
  112  8:15  Overlord  
  112  8:17  Overlord  
  114  8:20  Centrifical Hooks  
  114  8:31  Overlord x3  
  113  8:44  Zergling x4  
  113  8:45  Zergling x2  
  113  8:46  Zergling x10  
  114  8:57  Mutalisk x8  
  130  9:04  Mutalisk  
  130  9:05  Zergling x2  
  130  9:06  Zergling x2  
  130  9:08  Baneling x5  
  130  9:09  Zergling x2  
  136  9:10  Zergling x2  
  136  9:12  Drone  
  136  9:15  Extractor  
  136  9:19  Extractor  
  120  9:33  Mutalisk x4  
  120  9:34  Zergling x4  
  120  9:35  Zergling x12  
  120  9:36  Baneling x2  
  119  9:45  Zergling x2  
  119  9:46  Zergling x8, Baneling x2  
  119  9:47  Baneling  
  119  9:52  Zergling x10  
  122  9:57  Mutalisk x2  
  126  10:00  Overseer  
  126  10:04  Mutalisk  
  126  10:06  Zergling x12  
  131  10:16  Mutalisk x2  
  126  10:29  Zergling x2, Mutalisk x2  
  126  10:30  Zergling x4  
  126  10:34  Baneling x2  
  126  10:35  Zergling x2, Baneling x3  
  132  10:36  Zergling x12  
  136  10:43  Mutalisk  
  138  10:54  Mutalisk, Overseer x2  
  104  11:13  Zergling x8  
  104  11:17  Zergling x16  
  114  11:24  Baneling x6  
  83  11:41  Zergling x2  
  83  11:42  Zergling x16  
  87  11:52  Zergling x10  
  89  11:59  Overseer  
  73  12:11  Mutalisk x4  
  73  12:12  Mutalisk  
  73  12:13  Zergling x2  
  64  12:18  Zergling x2  
  64  12:19  Zergling x2  
  64  12:22  Zergling x2  
  59  12:31  Zergling x4  
  59  12:32  Zergling x2  
  59  12:44  Zergling x6  
  62  12:57  Zergling x12  
  51  13:42  Mutalisk x4  
  53  13:55  Mutalisk  
  55  14:12  Mutalisk x2  
Show
View Real Time Build Order
Export as new Build Order

Apoptosis Zerg - Winner!

Build Orders: Pool First, Lurkers 

Get SALT Encoding   

  12  0:01  Drone  
  13  0:12  Overlord  
  13  0:17  Drone  
  14  0:30  Drone x2  
  16  0:43  Spawning Pool  
  16  0:44  Drone  
  16  0:48  Drone  
  17  1:11  Hatchery  
  16  1:13  Drone  
  18  1:18  Drone, Extractor  
  18  1:21  Drone  
  18  1:28  Drone  
  19  1:39  Zergling x2  
  20  1:42  Queen  
  22  1:51  Overlord  
  22  2:12  Zergling x4  
  24  2:17  Metabolic Boost  
  24  2:21  Queen  
  26  2:23  Drone x2  
  28  2:32  Drone  
  28  2:36  Drone  
  30  2:47  Overlord  
  30  2:52  Hatchery  
  29  2:58  Baneling Nest, Drone  
  29  2:59  Drone  
  30  3:06  Drone x2  
  32  3:16  Zergling x6  
  35  3:24  Drone x2  
  37  3:30  Drone  
  37  3:31  Drone x3  
  41  3:34  Drone  
  41  3:36  Overlord  
  42  3:47  Baneling x2  
  42  3:52  Baneling x3  
  42  3:56  Drone x6  
  46  4:14  Extractor  
  46  4:16  Extractor  
  44  4:17  Lair  
  44  4:19  Queen  
  44  4:21  Drone x2  
  44  4:22  Drone x6  
  54  4:26  Baneling x2  
  54  4:36  Zergling x8  
  57  4:54  Overlord x5  
  57  5:05  Overlord x3  
  57  5:18  Drone x4, Spire  
  57  5:19  Drone x7  
  67  5:37  Overlord x2  
  67  5:40  Drone x2  
  69  5:44  Extractor  
  69  5:45  Drone x4, Extractor  
  69  5:46  Drone x2, Overlord x3  
  73  5:54  Drone x3  
  76  6:14  Infestation Pit  
  76  6:18  Hydralisk Den  
  75  6:32  Mutalisk  
  74  6:33  Mutalisk x5  
  86  6:44  Mutalisk x2  
  90  6:56  Extractor  
  91  7:01  Drone x2  
  91  7:06  Zergling x10  
  91  7:07  Zergling x2  
  97  7:09  Baneling x5  
  97  7:12  Drone x3, Lurker Den  
  99  7:17  Baneling x2  
  99  7:26  Hatchery  
  99  7:28  Zergling x28  
  112  7:33  Baneling x5  
  107  7:45  Hydralisk x2  
  107  7:46  Hydralisk x5  
  121  7:57  Hydralisk  
  121  7:58  Hydralisk x3  
  123  8:02  Queen  
  131  8:14  Hydralisk x4  
  139  8:39  Baneling x3  
  139  8:40  Zergling x14, Baneling x6  
  139  8:41  Zergling x10  
  151  8:42  Overlord x4  
  132  8:59  Lurker x4  
  132  9:01  Zergling x10  
  141  9:08  Drone x5  
  146  9:13  Baneling  
  146  9:14  Zergling x2  
  146  9:15  Zergling x4  
  149  9:21  Hatchery  
  147  9:25  Hydralisk x4  
  133  9:46  Hydralisk x5  
  133  9:47  Hydralisk x4  
  148  9:58  Hydralisk x4  
  156  10:01  Zergling x10  
  156  10:03  Baneling x4  
  151  10:28  Zergling x16  
  153  10:34  Baneling x12  
  157  10:35  Hydralisk  
  157  10:36  Hydralisk x3  
  157  10:39  Zergling x14  
  167  10:58  Hydralisk x3  
  167  10:59  Zergling x4  
  166  11:16  Hydralisk x3  
  166  11:17  Hydralisk x8  
  185  11:25  Hydralisk x3  
  178  11:42  Lurker x2  
  179  11:51  Baneling x7  
  115  12:17  Hydralisk x2  
  115  12:18  Hydralisk x10  
  129  12:30  Muscular Augments  
  129  12:35  Extractor  
  129  12:36  Extractor  
  127  12:37  Evolution Chamber  
  127  12:41  Hydralisk x4  
  128  12:47  Zergling x2  
  128  12:48  Zergling x12  
  127  13:00  Baneling  
  127  13:01  Baneling x5  
  127  13:11  Queen  
  123  13:14  Hydralisk  
  123  13:15  Hydralisk x6  
  132  13:22  Spore Crawler  
  132  13:23  Spore Crawler x2  
  129  13:27  Drone x2, Spore Crawler  
  129  13:28  Drone x10, Spore Crawler  
  139  13:36  Hydralisk  
  139  13:37  Hydralisk x5  
  127  13:51  Queen  
  124  14:00  Hydralisk  
  124  14:01  Hydralisk x7  
  116  14:13  Baneling x4  
Tags
 
Add a new tag
Caveats
  • Supply blocks, unpowered buildings, or Contaminate may cause inaccurate times.
  • Supply counts are checked every 10 seconds.